 Dungeon Crawl Stone Soup version 0.19.1 (webtiles) character file.

432 inmateoo the Sneak (level 7, -3/43 HPs)
             Began as a Kobold Skald on Nov 24, 2016.
             Killed from afar by an orc wizard (9 damage)
             ... with a puff of flame
             ... on level 3 of the Dungeon.
             The game lasted 00:05:14 (4207 turns).

inmateoo the Sneak (Kobold Skald)                   Turns: 4207, Time: 00:05:15

Health: -3/43      AC:  2    Str: 10    XL:     7   Next: 20%
Magic:  10/10      EV: 15    Int: 13    God:
Gold:   123        SH:  0    Dex: 16    Spells: 3 memorised, 5 levels left

rFire  . . .     SeeInvis .     p - +1 short sword (venom)
rCold  . . .     Gourm    .     b - +0 leather armour
rNeg   . . .     Faith    .     (shield restricted)
rPois  .         Spirit   .     k - +0 helmet
rElec  .         Reflect  .     (no cloak)
rCorr  .         Harm     .     (no gloves)
MR     .....                    (no boots)
Stlth  +++.......               (no amulet)
                                (no ring)
                                n - -2 ring of protection (curse)

@: no status effects
A: carnivore 3
a: no special abilities


You were on level 3 of the Dungeon.
You were not hungry.

You visited 1 branch of the dungeon, and saw 4 of its levels.

You collected 123 gold pieces.

Inventory:

Hand Weapons
 a - a +0 falchion
 p - a +1 short sword of venom (weapon)
Armour
 b - a +0 leather armour (worn)
 k - a +0 helmet (worn)
Jewellery
 n - a cursed -2 ring of protection (left hand)
Wands
 j - a wand of polymorph (17/24)
Scrolls
 q - a scroll of magic mapping {unknown}
Potions
 e - a potion of brilliance {unknown}
 g - 2 potions of curing
 h - a potion of haste
 l - a potion of cancellation
 m - 2 potions of berserk rage
Books
 c - a book of Battle

   Spells                             Type                      Level
   a - Infusion                       Charms                       1
   b - Shroud of Golubria             Charms/Translocation         2
   c - Song of Slaying                Charms                       2
   d - Spectral Weapon                Hexes/Charms                 3
   e - Regeneration                   Charms/Necromancy            3
Comestibles
 d - 4 meat rations
 i - a beef jerky
 o - a slice of pizza


   Skills:
 + Level 4.1 Fighting
 * Level 3.8 Long Blades
 - Level 0.7 Armour
 + Level 3.4 Dodging
 + Level 4.6 Stealth
 - Level 2.1 Spellcasting
 - Level 2.4 Charms


You had 5 spell levels left.
You knew the following spells:

 Your Spells              Type           Power        Failure   Level  Hunger
a - Infusion              Chrm           #...         17%         1    ##.....
b - Song of Slaying       Chrm           #.......     24%         2    ###....
c - Shroud of Golubria    Chrm/Tloc      #.........   34%         2    ###....


Dungeon Overview and Level Annotations

Branches:
Dungeon (4/15)
 Temple: D:4-7

Altars:


Innate Abilities, Weirdness & Mutations

You are small and have problems with some larger weapons.
You are carnivorous and can eat meat at any time.


Message History

You hear some strange, mumbled words.
A puff of frost appears from out of thin air!
The puff of frost hits you!
You barely miss something. Something hits you.
You closely miss something. Something hits you but does no damage.
You hit something. Something hits you.
* * * LOW HITPOINT WARNING * * *
You miss something. Something hits you but does no damage.
You miss something. Something hits you.
* * * LOW HITPOINT WARNING * * *
You hit something but do no damage. Something barely misses you.
You hit something. Something hits you.
* * * LOW HITPOINT WARNING * * *
You miss something. Something hits you.
* * * LOW HITPOINT WARNING * * *
You closely miss something.
You hear some strange, mumbled words.
A puff of flame appears from out of thin air!
The puff of flame hits you!
You die...

#..# #.# ###############..#
#.# #................## #.#
#.############.#..# #.#
#'#..........#.#..######.#
....##.#.###.#.#.>.......#
....##.#.###.#.#.#########
....##.#...#.#.#.#
....##.###.#.#.#@#############
....##.# #.#.#.#.............#
....##.# #.#.#.#############.#
#.#.##.###.#.#.#.....# #.#
#.#.##.....#.#.##.##.# #.#
#.#.########.#.......# #.#
#....†.# #.####.#### #.#
###.##.# #.####.# #.# #..#.#
#......# #.#


There were no monsters in sight!

Vanquished Creatures
  An orc warrior (D:2)
  The ghost of kraktruk the Ruffian, an amateur DrAE (D:3)
  Terence (D:2)
  Natasha (thrice) (D:2)
  Robin (D:2)
  6 adders
  An ooze (D:1)
  2 worms (D:2)
  2 dart slugs (D:1)
  4 leopard geckos
  A ball python (D:2)
  4 giant cockroaches
  17 goblins
  7 hobgoblins
  2 jackals (D:3)
  4 bats
  6 frilled lizards
  7 kobolds
  16 rats
86 creatures vanquished.

Notes
Turn   | Place    | Note
-------+----------+-------------------------------------------
     0 | D:1      | inmateoo the Kobold Skald began the quest for the Orb.
     0 | D:1      | Reached XP level 1. HP: 12/12 MP: 3/3
    27 | D:1      | Reached skill level 1 in Stealth
    39 | D:1      | Reached XP level 2. HP: 14/18 MP: 5/5
   470 | D:1      | Reached XP level 3. HP: 19/22 MP: 6/6
   988 | D:1      | Learned a level 2 spell: Song of Slaying
   991 | D:1      | Learned a level 2 spell: Shroud of Golubria
  1197 | D:2      | Noticed Robin
  1215 | D:2      | Reached XP level 4. HP: 17/27 MP: 7/7
  1336 | D:2      | Killed Robin
  1441 | D:2      | Noticed Terence
  1460 | D:2      | Killed Terence
  1685 | D:2      | Noticed Natasha
  1692 | D:2      | Killed Natasha
  1692 | D:2      | Reached XP level 5. HP: 30/32 MP: 8/8
  1748 | D:2      | Noticed Natasha
  1772 | D:2      | Killed Natasha
  1822 | D:2      | Noticed Natasha
  1829 | D:2      | Killed Natasha
  1896 | D:2      | Reached XP level 6. HP: 32/37 MP: 9/9
  2090 | D:2      | Noticed an orc warrior
  2496 | D:3      | Noticed kraktruk's ghost (amateur DrAE)
  2520 | D:3      | Killed kraktruk's ghost
  3556 | D:2      | Killed an orc warrior
  3556 | D:2      | Reached XP level 7. HP: 4/43 MP: 10/10
  4207 | D:3      | Killed from afar by an orc wizard

Skill      XL: |  1  2  3  4  5  6 |
---------------+-------------------+-----
Stealth        | 1 2 3 4 |  4.6
Long Blades    | 2 3 |  3.8
Dodging        | 2 3 |  3.4
Fighting       | 3 4 |  4.1
Armour         | |  0.7
Spellcasting   | |  2.1
Charms         | |  2.4

Action                   |  1- 3 |  4- 6 |  7- 9 || total
-------------------------+-------+-------+-------++-------
Melee: Falchion          |   100 |   156 |       ||   256
       Unarmed           |       |    11 |       ||    11
       Short sword       |       |    17 |    25 ||    42
  Use: Potion            |       |     5 |     1 ||     6
       Scroll            |       |     5 |       ||     5
 Stab: Sleeping          |     2 |     5 |     2 ||     9
       Distracted        |       |     1 |       ||     1
  Eat: Chunk             |     1 |    12 |     1 ||    14
Armor: Leather armour    |    19 |    24 |     3 ||    46
       Skin              |       |     2 |       ||     2
Dodge: Dodged            |    65 |   128 |    10 ||   203
       Rpst.: Falchion   |    17 |    46 |       ||    63
